 Dungeon Crawl Stone Soup version 0.30-a0-728-gc68057be0a (webtiles) character file.

Game seed: 11070295391349752356

16 ASSMAN the Caller (level 2, 0/19 HPs)
             Began as a Merfolk Summoner on Jan 31, 2023.
             Slain by a goblin
             ... wielding a +0 dagger
              (3 damage)
             ... on level 1 of the Dungeon.
             The game lasted 00:01:05 (260 turns).

ASSMAN the Caller (Merfolk Summoner)                 Turns: 260, Time: 00:01:06

Health: 0/19       AC:  6    Str:  8    XL:     2   Next: 54%
Magic:  1/5        EV: 12    Int: 14    God:
Gold:   8          SH:  0    Dex: 14    Spells: 4/5 levels left

rFire   . . .      SeeInvis .    f - +0 whip
rCold   . . .      Faith    .    (no shield)
rNeg    . . .      Spirit   .    a - +0 robe
rPois   .          Reflect  .    (no helmet)
rElec   .          Harm     .    (no cloak)
rCorr   .          Rampage  .    (no gloves)
Will    .....                    (no boots)
Stlth   ++                       (no amulet)
HPRegen 0.23/turn                d - +4 ring of protection
MPRegen 0.09/turn                (no ring)

@: very slightly contaminated
A: (nimble swimmer 2), mertail
a: no special abilities


You were on level 1 of the Dungeon.
You visited 1 branch of the dungeon, and saw 1 of its levels.

You collected 8 gold pieces.

Inventory:

Hand Weapons
 f - a +0 whip (weapon)
Armour
 a - a +0 robe (worn)
Jewellery
 d - a +4 ring of protection (left hand)
Scrolls
 e - a scroll of blinking {unknown}
Potions
 b - a potion of magic
 c - a potion of berserk rage {unknown}
 g - a potion of heal wounds {unknown}


   Skills:
 + Level 1.9 Polearms
 - Level 2.6 Dodging
 - Level 2.1 Stealth
 - Level 2.0 Spellcasting
 + Level 4.3 Summonings


You had 4 spell levels left.
You knew the following spells:

 Your Spells              Type           Power      Damage    Failure   Level
a - Summon Small Mammal   Summ           52%        N/A       4%          1

Your spell library contained the following spells:

 Spells                   Type           Power      Damage    Failure   Level
 Call Imp                 Summ           13%        N/A       6%          2
 Call Canine Familiar     Summ           13%        N/A       12%         3
 Freeze                   Ice            4%         1d3       24%         1
 Summon Guardian Golem    Hex/Summ       7%         N/A       28%         3
 Cigotuvi's Dreadful Rot  Necr/Pois/Air  2%         N/A       34%         2
 Poisonous Vapours        Pois/Air       2%         N/A       34%         2
 Frozen Ramparts          Ice            2%         1d1       56%         3
 Hailstorm                Conj/Ice       1%         3d3       56%         3
 Mephitic Cloud           Conj/Pois/Air  1%         N/A       56%         3
 Summon Lightning Spire   Summ/Air       7%         N/A       67%         4


Dungeon Overview and Level Annotations

Branches:
Dungeon (1/15)

Altars:


Innate Abilities, Weirdness & Mutations

((You are very nimble when in or above water. (Stealth+, EV+, Speed+++)))
Your lower body shifts to a powerful aquatic tail in water.


Message History

You barely miss the goblin.
Your rat closely misses the frilled lizard.
The goblin misses you. The frilled lizard misses you.
The hobgoblin hits you but does no damage.
You miss the goblin. Your punch misses the goblin.
Your rat closely misses the frilled lizard.
The frilled lizard bites you. The goblin hits you with a +0 dagger.
The hobgoblin barely misses you.
Your rat bites the frilled lizard.
You hit the frilled lizard but do no damage.
The frilled lizard is heavily wounded.
Your rat closely misses the frilled lizard.
The goblin hits you but does no damage.
The frilled lizard bites you but does no damage.
The hobgoblin closely misses you.
Your rat completely misses the frilled lizard.
You hit the frilled lizard but do no damage.
The frilled lizard is heavily wounded.
Your rat closely misses the frilled lizard.
The frilled lizard barely misses you. The goblin hits you with a +0 dagger.
The hobgoblin hits you.
Your rat completely misses the frilled lizard.
Your rat misses the frilled lizard.
You are too injured to fight recklessly!
The hobgoblin attacks as you move away! The hobgoblin barely misses you.
The goblin attacks as you move away! The goblin barely misses you.
The frilled lizard attacks as you move away!
The frilled lizard bites you.
* * * LOW HITPOINT WARNING * * *
The frilled lizard bites your rat.
Your rat dies!
Your rat's corpse disappears in a puff of smoke!
Your rat completely misses the frilled lizard.
Casting: Summon Small Mammal (safe; 4% risk of failure)
Confirm with . or Enter, or press ? or * to list all spells.
You miscast Summon Small Mammal.
You are very lightly contaminated with residual magic.
Nothing appears to happen.
The hobgoblin hits you.
* * * LOW HITPOINT WARNING * * *
The goblin hits you with a +0 dagger.
You die...

....# ##### #.....#..
....# #...# #.....#.##
....# #...# ###........
..†.####...###........###
.........................
#.#...................#
#.#..........?.§r§....###
#.#............§lg)......
..#.............@g.......
###..[......##...........
#######...###..........
### # #...# #..........
..#... #...# #####......
#..... ##### ......
.#.... ...... ...... ####
#.....


You could see a hobgoblin, a goblin, a frilled lizard (ally target) and a
friendly rat (summoned).

Vanquished Creatures
  2 ball pythons (D:1)
  An endoplasm (D:1)
  A goblin (D:1)
  A hobgoblin (D:1)
  A bat (D:1)
6 creatures vanquished.

Vanquished Creatures (collateral kills)
  A ball python (D:1)
  2 endoplasms (D:1)
  2 goblins (D:1)
  A bat (D:1)
  A kobold (D:1)
7 creatures vanquished.

Grand Total: 13 creatures vanquished

Notes
Turn   | Place    | Note
-------+----------+-------------------------------------------
     0 | D:1      | ASSMAN the Merfolk Summoner began the quest for the Orb.
     0 | D:1      | Reached XP level 1. HP: 13/13 MP: 3/3
    65 | D:1      | Reached skill level 1 in Polearms
    68 | D:1      | Reached XP level 2. HP: 11/19 MP: 1/5
   260 | D:1      | Slain by a goblin

Illustrated notes

Levels and vault maps discovered:
D:1:      dpeg_arrival_pits, layout_basic,
          hellmonk_ecumenical_altar_leap_of_faith

Skill      XL: |  1 |
---------------+----+-----
Polearms       | 1 |  1.9
Dodging        | |  2.6
Stealth        | |  2.1
Spellcasting   | |  2.0
Summonings     | |  4.3

Action                     || total
---------------------------++-------
  Melee: Unarmed           ||    35
         Whip              ||    18
         Punch             ||     1
   Cast: Summon Small Mamm ||    10
   Stab: Sleeping          ||     1
 Armour: Robe              ||    41
  Dodge: Dodged            ||    47

Table legend: (Time is in decaauts)
 A = Elapsed time spent in this place.
 B = Non-inter-level travel time spent in this place.
 C = Inter-level travel time spent in this place.
 D = Time resting spent in this place.
 E = Time spent auto-exploring this place.
 F = Levels seen in this place.
 G = Mean time per level.
                   A        B        C        D        E       F      G
               +--------+--------+--------+--------+--------+-----+--------+
         Total |    260 |    260 |      0 |      0 |    137 |   1 |  260.0 |
       Dungeon |    260 |    260 |      0 |      0 |    137 |   1 |  260.0 |
               +--------+--------+--------+--------+--------+-----+--------+

Top non-repeatable levels by time:
     D:1: 260 daAuts
